 Dungeon Crawl Stone Soup version 0.14.0-9-g9c5475a (webtiles) character file.

167 RogerD the Shooter (level 4, 0/35 HPs)
             Began as a Centaur Arcane Marksman on Apr 15, 2014.
             Slain by Sigmund
             ... wielding a +1,+2 scythe
              (5 damage)
             ... on Level 3 of the Dungeon.
             The game lasted 00:25:24 (2218 turns).

RogerD the Shooter (Centaur Arcane Marksman)        Turns: 2218, Time: 00:25:24

HP   0/35        AC  4     Str 13      XL: 4   Next: 33%
MP   3/5         EV 10     Int 12      God:
Gold 76          SH  0     Dex 10      Spells:  1 memorised,  5 levels left

rFire  . . .     SeeInvis .     b - +0 bow
rCold  . . .     Clarity  .     k - +0 robe (curse)
rNeg   . . .     Conserve .     (no shield)
rPois  .         rCorr    .     (no helmet)
rElec  .         rRot     .     (no cloak)
SustAb . .       Spirit   .     (no gloves)
rMut   .         Warding  .     (no barding)
Gourm  +         Stasis   .     l - amulet of the gourmand
MR     +....                    (no ring)
                                g - ring of protection from magic {unknown}

@: very quick, somewhat resistant to hostile enchantments, very unstealthy
A: hooves 3, deformed body, herbivore 1, speed 2, fast metabolism 1, tough skin
3
a: no special abilities


You were on level 3 of the Dungeon.
You were not hungry.

You visited 1 branch of the dungeon, and saw 3 of its levels.

You collected 76 gold pieces.

Inventory:

Hand weapons
 b - a +0,+0 bow (weapon)
Armour
 a - a +0 robe
 k - a cursed +0 robe (worn)
Comestibles
 f - 4 bread rations
 o - an apple
Scrolls
 h - 5 scrolls of identify {unknown}
 i - a scroll of remove curse {unknown}
 m - a scroll of recharging
 p - a scroll of magic mapping {unknown}
 s - a scroll of enchant armour {unknown}
Jewellery
 g - a ring of protection from magic (left hand) {unknown}
 l - an amulet of the gourmand (around neck)
 n - an uncursed amulet of conservation {unknown}
Potions
 e - 2 potions of heal wounds {unknown}
 j - 2 potions of curing
 r - a potion of flight {unknown}
Books
 d - a book of Debilitation

   Spells                             Type                      Level
   *Corona                            Hexes                        1
   Slow                               Hexes                        2
   Inner Flame                        Hexes/Fire                   3
   Enslavement                        Hexes                        4
   Cause Fear                         Hexes                        4
   Leda's Liquefaction                Hexes/Earth                  4


   Skills:
 + Level 1.0 Fighting
 + Level 4.7 Bows
 + Level 1.6 Dodging
 + Level 0.1 Stealth
 + Level 1.5 Spellcasting
 + Level 3.2 Hexes


You had 5 spell levels left.
You knew the following spells:

 Your Spells              Type           Power        Failure   Level  Hunger
a - Corona                Hex            #......      10%         1    ##.....


Dungeon Overview and Level Annotations

Branches:
Dungeon (3/15)

Altars:
Kikubaaqudgha

Annotations:
D:3 Sigmund


Innate Abilities, Weirdness & Mutations

You have hooves in place of feet.
Armour fits poorly on your strangely shaped body.
You digest meat inefficiently.
You cover ground very quickly.
You have a fast metabolism.
You have extremely tough skin (AC +3).


Message History

Press: ? - help, Shift-Dir - straight line, f/p - Sigmund
Aim: Sigmund, wielding a scythe and wearing a robe (severely wounded, softly glowing, slightly transparent)
You shoot an arrow. The arrow misses Sigmund.
Sigmund misses you.
Firing (i - inventory. (,) - cycle):
c - an arrow (quivered)
Press: ? - help, Shift-Dir - straight line, f/p - Sigmund
Aim: Sigmund, wielding a scythe and wearing a robe (severely wounded, softly glowing, slightly transparent)
You shoot an arrow. The arrow hits Sigmund.
Sigmund is severely wounded.
Sigmund barely misses you.
Throwing (i - inventory):
q - a dart of frost (quivered)
Press: ? - help, Shift-Dir - straight line, f/p - Sigmund
Aim: Sigmund, wielding a scythe and wearing a robe (severely wounded, softly glowing, slightly transparent)
You throw a dart of frost. The dart of frost misses Sigmund.
You aren't carrying any items that can be evoked.
Read which item? (? for menu, Esc to quit)
As you read the scroll labeled ECWAFR ANESOYWK, it crumbles to dust.
It is a scroll of recharging.
You aren't carrying any rechargeable items.
Sigmund hits you from afar with a scythe.
You die...

.#.# #.# .#<# #.#
#######.#
.#.###.######.....#.#
.#.........(......#.###
.#......................
.#.....######(..........
.#....>######.@.........
.........................
................@........
%#.....#######.##.##.####
)#.###.# #.# .# #
.#....... #.# .#
........... ... ..
.#......... #.# .#
.#......... #.# .#
.#........ . .. .#......
.


You could see Sigmund (invisible).

Vanquished Creatures
  4 adders (D:2)
  3 worms
  An ooze (D:2)
  5 goblins
  6 hobgoblins
  A quokka (D:2)
  5 bats
  2 giant cockroaches
  2 giant newts
  3 kobolds
  5 rats
37 creatures vanquished.

Notes
Turn   | Place    | Note
--------------------------------------------------------------
     0 | D:1      | RogerD, the Centaur Arcane Marksman, began the quest for the Orb.
     0 | D:1      | Reached XP level 1. HP: 16/16 MP: 2/2
   139 | D:1      | Reached skill level 3 in Bows
   407 | D:1      | Reached XP level 2. HP: 20/23 MP: 3/3
   788 | D:2      | Reached XP level 3. HP: 17/28 MP: 4/4
   926 | D:2      | Reached skill level 4 in Bows
  1149 | D:2      | Reached XP level 4. HP: 27/35 MP: 3/5
  1180 | D:2      | Found an ancient bone altar of Kikubaaqudgha.
  2200 | D:3      | Noticed Sigmund
  2218 | D:3      | Slain by Sigmund

Action                   |  1- 3 |  4- 6 || total
-------------------------+-------+-------++-------
Melee: Unarmed           |    20 |    14 ||    34
       Bow               |       |    37 ||    37
 Fire: Bow               |    91 |    30 ||   121
Throw: Dart              |       |     2 ||     2
 Cast: Corona            |    17 |    10 ||    27
  Use: Potion            |     1 |       ||     1
       Scroll            |       |     1 ||     1
